 Dungeon Crawl Stone Soup version 0.21-a0-349-g0c35859 (webtiles) character file.

29 Monsterracer the Insei (level 3, -1/28 HPs)
             Began as a Gnoll Transmuter on Oct 7, 2017.
             Slain by Sigmund
             ... wielding a +0 scythe
              (10 damage)
             ... on level 2 of the Dungeon.
             The game lasted 00:01:20 (1010 turns).

Monsterracer the Insei (Gnoll Transmuter)           Turns: 1010, Time: 00:01:20

Health: -1/28      AC:  2    Str: 12    XL:     3   Next: 16%
Magic:  9/9        EV: 20    Int: 16    God:
Gold:   8          SH:  0    Dex: 20    Spells: 11/12 levels left

rFire    . . .     SeeInvis .     - Unarmed
rCold    . . .     Gourm    .   (no shield)
rNeg     . . .     Faith    .   b - +0 robe
rPois    .         Spirit   .   (no helmet)
rElec    .         Reflect  .   (no cloak)
rCorr    .         Harm     .   (no gloves)
MR       .....                  (no boots)
Stlth    +++.......             h - amulet of magic regeneration
HPRegen  0.09/turn              (no ring)
MPRegen  0.36/turn              (no ring)

@: agile, berserk cooldown, slowed, very slow
A: distributed training, fangs 1, strong nose
a: no special abilities


You were on level 2 of the Dungeon.
You were not hungry.

You visited 1 branch of the dungeon, and saw 2 of its levels.

You collected 8 gold pieces.

Inventory:

Armour
 b - a +0 robe (worn)
Jewellery
 h - an amulet of magic regeneration (around neck)
Scrolls
 g - a scroll of amnesia {unknown}
 j - 2 scrolls of recharging {unknown}
 k - a scroll of noise {unknown}
 l - a scroll of identify {unknown}
 m - a scroll of teleportation {unknown}
 n - a scroll of magic mapping {unknown}
Books
 c - a book of Changes

   Spells                             Type                      Level
   a - Beastly Appendage              Transmutation                1
   b - Sticks to Snakes               Transmutation                2
   c - Spider Form                    Transmutation/Poison         3
   d - Ice Form                       Ice/Transmutation            4
   e - Blade Hands                    Transmutation                5
Comestibles
 a - a meat ration
 d - a bread ration
 o - a royal jelly


   Skills:
 + Level 2.5 Fighting
 + Level 0.6 Short Blades
 + Level 0.6 Long Blades
 + Level 0.6 Axes
 + Level 0.6 Maces & Flails
 + Level 0.6 Polearms
 + Level 0.6 Staves
 + Level 0.6 Slings
 + Level 0.6 Bows
 + Level 0.6 Crossbows
 + Level 0.6 Throwing
 + Level 0.6 Armour
 + Level 4.5 Dodging
 + Level 0.6 Stealth
 + Level 0.6 Shields
 + Level 6.5 Unarmed Combat
 + Level 5.0 Spellcasting
 + Level 0.6 Conjurations
 + Level 0.6 Hexes
 + Level 0.6 Charms
 + Level 0.6 Summonings
 + Level 0.6 Necromancy
 + Level 0.6 Translocations
 + Level 4.5 Transmutations
 + Level 0.6 Fire Magic
 + Level 0.6 Ice Magic
 + Level 0.6 Air Magic
 + Level 0.6 Earth Magic
 + Level 0.6 Poison Magic
 + Level 0.6 Invocations
 + Level 0.6 Evocations


You had 11 spell levels left.
You knew the following spells:

 Your Spells              Type           Power        Failure   Level  Hunger
a - Beastly Appendage     Tmut           ###...       2%          1    None


Dungeon Overview and Level Annotations

Branches:
Dungeon (2/15)

Altars:

Annotations:
D:2 Sigmund


Innate Abilities, Weirdness & Mutations

Your experience applies equally to all skills.
You have very sharp teeth.
Your uncanny sense of smell can sniff out nearby items.


Message History

Sigmund casts a spell at you. You resist with significant effort.
It was a potion of agility.
You feel agile all of a sudden. Sigmund closely misses you.
You closely miss Sigmund. You bite Sigmund, but do no damage.
Sigmund is heavily wounded.
Sigmund closely misses you.
You closely miss Sigmund.
Sigmund is heavily wounded.
You hit Sigmund.
Sigmund is heavily wounded.
Sigmund says, "Look into my eyes."
Sigmund barely misses you.
You closely miss Sigmund.
Sigmund is heavily wounded.
Sigmund hits you with a scythe!
* * * LOW HITPOINT WARNING * * *
Huge Dmg: -25%(-7hp) hp: 33%(9hp)
You closely miss Sigmund.
Sigmund is heavily wounded.
Sigmund misses you.
Unknown command.
You barely miss Sigmund.
Sigmund is heavily wounded.
Sigmund completely misses you.
You hit Sigmund but do no damage.
Sigmund is heavily wounded.
Sigmund hits you with a scythe!
You die...

#..##
##.#
##.# #.#
#.# ##.#
##.##
##.##
#.###.##
#....##
#.#.##
#.#.#
#@#.#
#@#.#
#.#.#
#.#(#
#.#.#
?...#
... #.#


You could see Sigmund.

Vanquished Creatures
  A leopard gecko (D:1)
  3 bats (D:1)
  6 hobgoblins
  7 jackals (D:1)
  A frilled lizard (D:2)
  A goblin (D:1)
  2 kobolds (D:1)
  4 rats
25 creatures vanquished.

Vanquished Creatures (others)
  4 toadstools (D:1)
4 creatures vanquished.

Grand Total: 29 creatures vanquished

Notes
Turn   | Place    | Note
-------+----------+-------------------------------------------
     0 | D:1      | Monsterracer the Gnoll Transmuter began the quest for the Orb.
     0 | D:1      | Reached XP level 1. HP: 17/17 MP: 6/6
   235 | D:1      | Reached XP level 2. HP: 19/23 MP: 7/7
   639 | D:1      | Reached XP level 3. HP: 28/28 MP: 9/9
   875 | D:2      | Reached skill level 5 in Spellcasting
   980 | D:2      | Noticed Sigmund
   997 | D:2      | HP: 21/42 [Sigmund/scythe (6)]
  1000 | D:2      | HP: 7/42 [Sigmund/scythe (7)]
  1007 | D:2      | HP: 9/28 [Sigmund/scythe (7)]
  1010 | D:2      | Slain by Sigmund

Vault maps used:
D:1:      ldierk_walled_garden_2, minmay_misc_feat_room
D:2:      minmay_rat_hole, uniq_sigmund

Skill      XL: |  1  2  3 |
---------------+----------+-----
Spellcasting   | 5 |  5.0
Fighting       | |  2.5
Short Blades   | |  0.6
Long Blades    | |  0.6
Axes           | |  0.6
Maces & Flails | |  0.6
Polearms       | |  0.6
Staves         | |  0.6
Slings         | |  0.6
Bows           | |  0.6
Crossbows      | |  0.6
Throwing       | |  0.6
Armour         | |  0.6
Dodging        | |  4.5
Stealth        | |  0.6
Shields        | |  0.6
Unarmed Combat | |  6.5
Conjurations   | |  0.6
Hexes          | |  0.6
Charms         | |  0.6
Summonings     | |  0.6
Necromancy     | |  0.6
Translocations | |  0.6
Transmutations | |  4.5
Fire Magic     | |  0.6
Ice Magic      | |  0.6
Air Magic      | |  0.6
Earth Magic    | |  0.6
Poison Magic   | |  0.6
Invocations    | |  0.6
Evocations     | |  0.6

Action                   || total
-------------------------++-------
Melee: Unarmed           ||    66
       Bite              ||     8
       Headbutt          ||     1
       Punch             ||     1
 Cast: Beastly Appendage ||     1
  Use: Potion            ||     3
Armor: Robe              ||     8
Dodge: Dodged            ||    43

Table legend:
 A = Spawn XP
 B = Non-spawn XP
 C = Spawn XP percentage of total XP
 D = Spawn monster count
 E = Non-spawn monster count
 F = Spawn count percentage of total count
 G = Total turns spent on level
                    A         B        C        D         E        F      G
               +---------+---------+-------+---------+---------+-------+---------
         Total |       0 |      42 |   0.0 |       0 |      25 |   0.0 |  1010
               +---------+---------+-------+---------+---------+-------+---------
           D:1 |       0 |      35 |   0.0 |       0 |      20 |   0.0 |   873
           D:2 |       0 |       7 |   0.0 |       0 |       5 |   0.0 |   137
               +---------+---------+-------+---------+---------+-------+---------

Vault maps used:
D:1:      ldierk_walled_garden_2, minmay_misc_feat_room
D:2:      minmay_rat_hole, uniq_sigmund
